 Dungeon Crawl Stone Soup version 0.18-a0-775-g4d9e04e (webtiles) character file.

5474 tof the Grappler (level 10, -2/98 HPs)
             Began as a Troll Monk on Dec 13, 2015.
             Was a Priest of Nemelex Xobeh.
             Slain by a wight
             ... wielding a cursed +2 battleaxe
             ... created by the anger of Yredelemnul
              (3 damage)
             ... on level 1 of the Lair of Beasts.
             The game lasted 00:39:41 (5556 turns).

tof the Grappler (Troll Monk)                       Turns: 5556, Time: 00:39:43

Health: -2/98      AC:  6    Str: 27    XL:     10   Next: 42%
Magic:  9/9        EV:  9    Int:  6    God:    Nemelex Xobeh [***...]
Gold:   169        SH: 14    Dex: 15    Spells: 1 memorised, 8 levels left

rFire  . . .     SeeInvis +     y - +10 short sword "Rohurogi" {pierce, Str+6 SInv}
rCold  . . .     Clarity  +     a - +1 robe
rNeg   . . .     SustAt   .     C - +0 large shield
rPois  .         Gourm    +     (helmet restricted)
rElec  .         Spirit   .     (no cloak)
rCorr  .         Dismiss  .     (gloves unavailable)
rMut   .         Stasis   .     (boots unavailable)
MR     .....                    D - amulet of clarity
Stlth  ++........               (no ring)
                                (no ring)

@: slowed, drained, very slow, not resistant to hostile enchantments, unstealthy
A: unfitting armour, claws 3, fast metabolism 3, gourmand, regeneration 2,
shaggy fur 1, tough skin 2
a: Triple Draw, Renounce Religion


You were on level 1 of the Lair of Beasts.
You worshipped Nemelex Xobeh.
Nemelex Xobeh was most pleased with you.
You were very full.

You visited 2 branches of the dungeon, and saw 9 of its levels.

You collected 265 gold pieces.
You spent 96 gold pieces at shops.

Inventory:

Hand Weapons
 y - the +10 short sword "Rohurogi" (weapon) {pierce, Str+6 SInv}
   (You found it on level 6 of the Dungeon)

   It inflicts extra damage upon your enemies.
   It affects your strength (+6).
   It lets you see invisible.
 A - a +4 short sword of flaming
Missiles
 e - 11 tomahawks (quivered)
Armour
 a - a +1 robe (worn)
 C - a +0 large shield (worn)
Jewellery
 D - an amulet of clarity (around neck)
Wands
 j - a wand of slowing (19)
 n - a wand of slowing (26)
 q - a wand of fireball (10)
 s - a wand of polymorph (18)
 F - a wand of disintegration (12)
Scrolls
 f - 2 scrolls of recharging
 k - 3 scrolls of remove curse
 u - a scroll of amnesia
 v - 2 scrolls of identify
 E - a scroll of fog
Potions
 d - 4 potions of ambrosia
 h - a potion of curing
 l - a potion of magic
 w - a potion of poison
Books
 r - a book of Frost

   Spells                             Type                      Level
   a - Freeze                         Ice                          1
   b - Throw Frost                    Conjuration/Ice              2
   c - Ozocubu's Armour               Charms/Ice                   3
   d - Throw Icicle                   Conjuration/Ice              4
   e - Summon Ice Beast               Ice/Summoning                4
   f - Condensation Shield            Ice                          4
Miscellaneous
 p - a plain deck of destruction {drawn: 1}
 t - a plain deck of war
 x - a plain deck of war
 z - an ornate deck of war {drawn: 4}
Comestibles
 b - 7 bread rations
 c - 2 beef jerkies
 g - a meat ration
 m - a royal jelly


   Skills:
 + Level 6.0(5.6) Fighting
 * Level 5.0(4.7) Short Blades
 + Level 1.2(0.9) Throwing
 + Level 7.4(7.1) Dodging
 + Level 3.2(2.9) Stealth
 + Level 1.4(1.1) Shields
 + Level 8.8(8.5) Unarmed Combat
 + Level 1.3(1.0) Evocations


You had 8 spell levels left.
You knew the following spells:

 Your Spells              Type           Power        Failure   Level  Hunger
a - Freeze                Ice            #...         100%        1    ##.....


Dungeon Overview and Level Annotations

Branches:
Dungeon (9/15)             Temple (0/1) D:6            Lair (1/8) D:9
    Orc: D:9-12

Altars:
Ashenzari
Cheibriados
Nemelex Xobeh
Ru

Shops:
D:8 ?:


Innate Abilities, Weirdness & Mutations

You are too large for most types of armour.
You have claws for hands.
Your metabolism is lightning-fast.
You like to eat raw meat.
You heal very quickly.
You are covered in fur (AC +1).
You have very tough skin (AC +2).


Message History

* * * LOW HITPOINT WARNING * * *
You block the phantasmal warrior's attack. x2
Evoke which item? (* to show all) (? for menu, Esc to quit)
You draw a card...
It is Vitriol.
You have drawn Vitriol.
Press: ? - help, Shift-Dir - straight line, f - phantasmal warrior
Aim: a phantasmal warrior (durably summoned)
The acid hits the phantasmal warrior.
The phantasmal warrior appears unharmed.
You block the wight's attack.
You block the phantasmal warrior's attack.
Your molten gargoyle barely misses the phantasmal warrior.
Your polar bear barely misses the phantasmal warrior.
Your polar bear closely misses the phantasmal warrior.
Your polar bear claws the phantasmal warrior.
The wight hits you with an enchanted battleaxe!
* * * LOW HITPOINT WARNING * * *
You feel drained.
You die...
Your body glows slightly and disappears.

#.........
#......... #.......
## ..... ..##
######..# ...#.
###.#.P#..## ...#..
#..........##....#
#........9k#z...###
#........hW@.......
#..................
###.#.#######......
#†### ....#. ###.#
..... #...# ..l..
##.## .... #.# ....
#.##


You could see a phantasmal warrior, a komodo dragon (fleeing), a wight, a
friendly wind drake, a friendly polar bear and a friendly molten gargoyle.

Vanquished Creatures
  A hippogriff (D:8)
  A spriggan (D:9)
  Sigmund (D:3)
  A hungry ghost (D:7)
  2 basilisks (D:9)
  3 yaks
  2 porcupines (D:9)
  2 orc warriors
  Duvessa (D:5)
  Purgy (D:3)
  3 ice beasts
  5 ogres
  A phantom (D:5)
  2 centaurs
  A big kobold (D:8)
  The ghost of JokEr the Skirmisher, an amateur GrFi of Okawaru (D:5)
  2 crocodiles
  A water moccasin zombie (D:7)
  Dowan (D:5)
  6 giant frogs
  3 jellies
  3 hounds
  5 crimson imps
  An orc priest (D:5)
  4 orc wizards
  An iron imp (D:6)
  Jessica (D:2)
  Terence (D:2)
  Natasha (thrice) (D:2)
  3 worker ants
  2 hound skeletons
  Robin (D:3)
  9 adders
  8 river rats
  A shadow imp (D:8)
  An ooze (D:3)
  5 worms
  2 giant geckos
  16 orcs
  9 bats
  A giant cockroach (D:3)
  11 goblins
  5 hobgoblins
  9 kobolds
  2 quokkas
  A ball python (D:6)
  2 giant newts
  4 jackals (D:6)
  A quokka zombie (D:8)
  3 rats
156 creatures vanquished.

Vanquished Creatures (collateral kills)
  2 basilisks (D:9)
  6 yaks (D:9)
  A sky beast (D:9)
  An eye of draining (D:8)
  A black bear (D:8)
  A centaur (D:5)
  2 crocodiles (D:9)
  A quasit (D:9)
  An orc priest (D:5)
  A hound zombie (D:5)
  A river rat (D:9)
  A giant newt (D:5)
19 creatures vanquished.

Vanquished Creatures (others)
  2 plants (D:9)
2 creatures vanquished.

Grand Total: 177 creatures vanquished

Notes
Turn   | Place    | Note
--------------------------------------------------------------
     0 | D:1      | tof the Troll Monk began the quest for the Orb.
     0 | D:1      | Reached XP level 1. HP: 22/22 MP: 0/0
   350 | D:2      | Reached XP level 2. HP: 29/29 MP: 1/1
   448 | D:2      | Found a shattered altar of Ashenzari.
   491 | D:2      | Noticed Jessica
   496 | D:2      | Killed Jessica
   496 | D:2      | Reached skill level 5 in Unarmed Combat
   496 | D:2      | Reached XP level 3. HP: 24/36 MP: 2/2
   544 | D:2      | Reached XP level 4. HP: 20/44 MP: 3/3
   714 | D:2      | Noticed Natasha
   719 | D:2      | Killed Natasha
   754 | D:2      | Noticed Natasha
   759 | D:2      | Killed Natasha
   775 | D:2      | Noticed Natasha
   777 | D:2      | Killed Natasha
   995 | D:2      | Noticed Terence
   999 | D:2      | Killed Terence
   999 | D:2      | Reached XP level 5. HP: 46/52 MP: 4/4
  1100 | D:3      | Noticed Purgy
  1116 | D:3      | Killed Purgy
  1376 | D:3      | Noticed Sigmund
  1402 | D:3      | Killed Sigmund
  1402 | D:3      | Reached skill level 6 in Unarmed Combat
  1402 | D:3      | Reached XP level 6. HP: 32/61 MP: 5/5
  1565 | D:3      | Found a sparkling altar of Nemelex Xobeh.
  1570 | D:3      | Became a worshipper of Nemelex Xobeh the Trickster
  1570 | D:3      | Received a gift from Nemelex Xobeh
  1570 | D:3      | Reached * piety under Nemelex Xobeh
  1570 | D:3      | Received a gift from Nemelex Xobeh
  1570 | D:3      | Reached ** piety under Nemelex Xobeh
  1752 | D:3      | Learned a level 1 spell: Freeze
  1831 | D:3      | Noticed Robin
  1845 | D:3      | Killed Robin
  1947 | D:3      | You fall through a shaft for 2 floors!
  1947 | D:5      | Entered Level 5 of the Dungeon
  2018 | D:5      | Reached XP level 7. HP: 58/67 MP: 6/6
  2035 | D:5      | Received a gift from Nemelex Xobeh
  2039 | D:5      | Noticed Duvessa
  2042 | D:5      | Noticed Dowan
  2052 | D:5      | Killed Duvessa
  2052 | D:5      | Reached skill level 7 in Unarmed Combat
  2055 | D:5      | Killed Dowan
  2071 | D:5      | Noticed JokEr's ghost (amateur GrFi)
  2081 | D:5      | Killed JokEr's ghost
  2262 | D:5      | Reached XP level 8. HP: 75/78 MP: 7/7
  2324 | D:5      | Reached skill level 8 in Unarmed Combat
  2886 | D:6      | Got an ichor-stained short sword
  2887 | D:6      | Identified the +10 short sword "Rohurogi" {pierce, Str+6 SInv} (You found it on level 6 of the Dungeon)
  2904 | D:6      | Received a gift from Nemelex Xobeh
  2913 | D:6      | Reached skill level 1 in Short Blades
  2933 | D:6      | Found a staircase to the Ecumenical Temple.
  2982 | D:6      | Found a snail-covered altar of Cheibriados.
  3174 | D:6      | Found a sacrificial altar of Ru.
  3332 | D:7      | Reached *** piety under Nemelex Xobeh
  3546 | D:7      | Reached skill level 5 in Dodging
  3553 | D:7      | Reached XP level 9. HP: 69/87 MP: 8/8
  3899 | D:7      | Reached skill level 5 in Fighting
  4021 | D:8      | Reached skill level 1 in Throwing
  4107 | D:8      | Found Aserr's Magic Scroll Emporium.
  4206 | D:8      | Bought a scroll of identify for 24 gold pieces
  4206 | D:8      | Bought a scroll of identify for 24 gold pieces
  4206 | D:8      | Bought a scroll of identify for 24 gold pieces
  4206 | D:8      | Bought a scroll of identify for 24 gold pieces
  4287 | D:8      | Found Xeammaz's Book Boutique.
  4443 | D:8      | Received a gift from Nemelex Xobeh
  4973 | D:9      | Reached XP level 10. HP: 78/98 MP: 9/9
  5078 | D:9      | Found a staircase to the Lair.
  5106 | D:9      | Reached skill level 1 in Evocations
  5134 | D:9      | Reached skill level 1 in Shields
  5357 | Lair:1   | Entered Level 1 of the Lair of Beasts
  5539 | Lair:1   | Reached skill level 5 in Short Blades
  5553 | Lair:1   | Noticed a phantasmal warrior
  5556 | Lair:1   | HP: 1/98 [wight/enchanted battleaxe[the anger of Yredelemnul] (7)]
  5556 | Lair:1   | Slain by a wight

Vault maps used:
D:1:      enne_arrival_octagon_isle
D:2:      lemuel_doored_altar, uniq_jessica, uniq_natasha, uniq_terence
D:3:      nemelex_spade_bored_becter, uniq_robin, uniq_sigmund, uniq_purgy
D:5:      first_bread, uniq_duvessa
D:6:      nicolae_ru_great_annihilating_truth, slow_altar_1, temple_doors_e
D:7:      minmay_parallelograms
D:8:      serial_shops, shop, shop
D:9:      grunt_pakellas_basics, minmay_lair_entry_grove

Action                   |  1- 3 |  4- 6 |  7- 9 | 10-12 || total
-------------------------+-------+-------+-------+-------++-------
Melee: Unarmed           |    55 |   114 |    74 |       ||   243
       Short sword       |       |       |   184 |    58 ||   242
Throw: Tomahawk          |       |     3 |     4 |       ||     7
Evoke: Deck              |       |     1 |     9 |     8 ||    18
       Wand              |       |       |       |     3 ||     3
  Use: Scroll            |     4 |     1 |     8 |     3 ||    16
       Potion            |     2 |     4 |     5 |       ||    11
 Stab: Sleeping          |     2 |     1 |     4 |       ||     7
       Distracted        |       |     1 |       |       ||     1
       Paralysed         |       |       |     1 |       ||     1
  Eat: Chunk             |     9 |    15 |    34 |     4 ||    62
